 Dungeon Crawl Stone Soup version 0.25-a0-934-g041635d5d1 (console) character file.

Game seed: 17061179494892389804, levelgen mode: deterministic

3525 Gorlak the Scribe (level 10, -2/80 HPs)
             Began as a Human Conjurer on May 4, 2020.
             Was a Priest of Sif Muna.
             Slain by an elephant (3 damage)
             ... while petrified by a basilisk
             ... on level 8 of the Dungeon.
             The game lasted 00:55:35 (8637 turns).

Gorlak the Scribe (Human Conjurer)                  Turns: 8637, Time: 00:55:35

Health: -2/80      AC:  8    Str: 11    XL:     10   Next: 29%
Magic:  17/17      EV:  2    Int: 17    God:    Sif Muna [***...]
Gold:   394        SH:  0    Dex: 13    Spells: 10/19 levels left

rFire    . . .     SeeInvis +   D - +2 flail (protect)
rCold    . . .     Gourm    .   (no shield)
rNeg     + + +     Faith    .   A - +2 robe {Archmagi}
rPois    ∞         Spirit   .   (no helmet)
rElec    .         Reflect  .   q - +0 cloak (curse)
rCorr    .         Harm     .   l - +0 pair of gloves
MR       .....                  H - +0 pair of boots
Stlth    ++........             (no amulet)
HPRegen  0.23/turn              F - ring of poison resistance
MPRegen  0.15/turn              O - ring of see invisible

@: petrified
A: no striking features
a: Channel Magic, Forget Spell, Renounce Religion


You were on level 8 of the Dungeon.
You worshipped Sif Muna.
Sif Muna was most pleased with you.
You were hungry.

You visited 1 branch of the dungeon, and saw 8 of its levels.

You collected 394 gold pieces.

Inventory:

Hand Weapons
 b - a +4 quarterstaff of chaos
 d - a +1 flail of holy wrath
 f - a +0 dagger of electrocution
 o - a +1 antimagic trident
 y - a +4 morningstar
 z - a +0 dagger of venom
 C - a +0 shortbow
 D - a +2 flail of protection (weapon)
 W - a +1 vorpal dire flail
Missiles
 i - 125 arrows
 L - 3 boomerangs (quivered)
Armour
 l - a +0 pair of gloves (worn)
 q - a cursed +0 cloak (worn)
 r - a +0 buckler
 v - a +0 tower shield
 A - a +2 robe of the Archmagi (worn)
 E - a +0 ring mail
 H - a +0 pair of boots (worn)
 S - a +0 chain mail
 T - a +0 plate armour
 V - a +0 kite shield
 X - a +0 plate armour of cold resistance
 Y - a +0 scale mail
Jewellery
 F - a ring of poison resistance (left hand)
 O - a ring of see invisible (right hand)
Wands
 a - a wand of disintegration (12)
 e - a wand of iceblast (5)
 t - a wand of random effects (11)
 w - a wand of clouds (2)
Scrolls
 g - 4 scrolls of remove curse
 h - 3 scrolls of enchant weapon {unknown}
 j - 2 scrolls of random uselessness {unknown}
 k - a scroll of identify
 n - 2 scrolls of magic mapping
 p - 2 scrolls of fog {unknown}
 x - 2 scrolls of noise {unknown}
 G - a scroll of fear {unknown}
 K - 6 scrolls of teleportation
 Z - 2 scrolls of immolation {unknown}
Potions
 m - a potion of brilliance
 s - a potion of magic {unknown}
 u - a potion of haste
 I - a potion of curing
 J - a potion of stabbing {unknown}
 M - a potion of mutation {unknown}
 P - 2 potions of flight
 Q - a potion of heal wounds {unknown}
Comestibles
 c - 6 rations
 B - 3 chunks of flesh


   Skills:
 - Level 8.0 Fighting
 - Level 5.0 Armour
 * Level 4.0 Dodging
 - Level 2.0 Stealth
 - Level 5.0 Spellcasting
 + Level 4.1 Conjurations
 - Level 9.0 Invocations


You had 10 spell levels left.
You knew the following spells:

 Your Spells              Type           Power        Failure   Level  Hunger
a - Magic Dart            Conj           ####         2%          1    None
b - Searing Ray           Conj           ####..       4%          2    #......
c - Fulminant Prism       Conj/Hex       ###.......   52%         4    ####...
d - Blink                 Tloc           N/A          22%         2    #......

Your spell library contained the following spells:

 Spells                   Type           Power        Failure   Level  Hunger
 Corona                   Hex            #......      14%         1    None
 Conjure Flame            Conj/Fire      ###.....     19%         3    ###....
 Dazzling Flash           Conj/Hex       ###...       19%         3    ###....
 Call Imp                 Summ           #.......     22%         2    #......
 Ensorcelled Hibernation  Hex/Ice        #.....       22%         2    #......
 Slow                     Hex            #.......     22%         2    #......
 Mephitic Cloud           Conj/Pois/Air  ##......     24%         3    ###....
 Confusing Touch          Hex            #.......     38%         3    ###....
 Tukima's Dance           Hex            #.......     38%         3    ###....
 Iskenderun's Mystic Bla  Conj/Tloc      ###.....     52%         4    ####...


Dungeon Overview and Level Annotations

Branches:
Dungeon (8/15)             Temple (0/1) D:5            Lair (0/6) D:8

Altars:
Cheibriados
Fedhas
Gozag
Okawaru
Sif Muna
Trog
Xom
Yredelemnul


Message History

You are shoved backwards!
The elephant tramples you.
* * * LOW HITPOINT WARNING * * *
You hold your ground!
The elephant barely misses you. The elephant tramples you!
* * * LOW HITPOINT WARNING * * *
You hold your ground!
The elephant trunk-slaps you.
* * * LOW HITPOINT WARNING * * *
The elephant tramples you!
* * * LOW HITPOINT WARNING * * *
You hold your ground!
The elephant trunk-slaps you but does no damage.
The yak snorts and paws the ground.
The elephant tramples you but does no damage.
The elephant trunk-slaps you but does no damage.
The elephant tramples you but does no damage.
The elephant trunk-slaps you.
* * * LOW HITPOINT WARNING * * *
The elephant tramples you.
You die...

#<# #.#.......#..###..
###.#####.###.#####....t.#
............#.# #.####..
##.........#.#####.# ##.
#...........<†....# #.
#.###.....#.####### #. #.#
#§....#.# #t #.# ###l###.#
#. #Y# #.# #Y #.####Y# #.#
## #....@# #.# #.######
#.#


You could see an elephant, a yak and a basilisk.

Vanquished Creatures
  The ghost of kuniqs the Basher, a novice OgGl (D:6)
  2 hippogriffs (D:7)
  Edmund (D:4)
  An ice beast (D:5)
  An orc warrior (D:7)
  A sky beast (D:7)
  2 centaurs
  2 ogres
  2 phantoms
  A crocodile (D:8)
  4 bullfrogs
  A scorpion (D:4)
  5 killer bees (D:7)
  A centaur zombie (D:7)
  4 crimson imps
  2 jellies (D:6)
  A bullfrog zombie (D:8)
  2 bullfrog skeletons
  A centaur skeleton (D:6)
  Crazy Yiuf (D:6)
  A hound (D:7)
  3 iguanas
  5 orc wizards
  Jessica (D:3)
  7 worker ants
  2 howler monkey skeletons
  15 adders
  3 shadow imps
  An adder skeleton (D:7)
  2 worms
  A dart slug (D:3)
  9 leopard geckos
  28 orcs
  5 bats
  4 giant cockroaches
  6 goblins
  9 hobgoblins
  6 jackals
  4 quokkas
  2 ball pythons
  8 frilled lizards
  7 kobolds
  6 rats
  A fungus (D:6)
172 creatures vanquished.

Vanquished Creatures (others)
  An orc (D:7)
1 creature vanquished.

Grand Total: 173 creatures vanquished

Notes
Turn   | Place    | Note
-------+----------+-------------------------------------------
     0 | D:1      | Gorlak the Human Conjurer began the quest for the Orb.
     0 | D:1      | Reached XP level 1. HP: 13/13 MP: 3/3
   149 | D:1      | Reached XP level 2. HP: 15/19 MP: 0/5
   843 | D:1      | Reached XP level 3. HP: 24/24 MP: 7/7
  1078 | D:2      | Found a shimmering blue altar of Sif Muna.
  1096 | D:2      | Became a worshipper of Sif Muna the Loreminder
  1322 | D:2      | Learned a level 2 spell: Searing Ray
  1673 | D:2      | Reached XP level 4. HP: 30/30 MP: 4/9
  2218 | D:2      | Found an opulent altar of Gozag.
  2295 | D:3      | Reached XP level 5. HP: 29/35 MP: 2/11
  2295 | D:3      | Noticed Jessica
  2380 | D:3      | Killed Jessica
  2400 | D:2      | Reached * piety under Sif Muna
  2400 | D:2      | Reached skill level 5 in Spellcasting
  2406 | D:2      | Learned a level 4 spell: Fulminant Prism
  2539 | D:3      | Reached skill level 1 in Invocations
  2827 | D:3      | Found an iron altar of Okawaru.
  2902 | D:3      | Reached XP level 6. HP: 35/41 MP: 13/13
  2953 | D:3      | Found a basalt altar of Yredelemnul.
  2958 | D:3      | Reached skill level 2 in Invocations
  3510 | D:4      | Reached skill level 3 in Invocations
  3672 | D:4      | Noticed Edmund
  3673 | D:4      | Found a bloodstained altar of Trog.
  3682 | D:4      | Killed Edmund
  3682 | D:4      | Reached skill level 4 in Invocations
  3682 | D:4      | Reached XP level 7. HP: 46/46 MP: 4/14
  3835 | D:4      | Found a snail-covered altar of Cheibriados.
  3848 | D:4      | Reached ** piety under Sif Muna
  3848 | D:4      | Reached skill level 5 in Invocations
  4277 | D:4      | Reached skill level 6 in Invocations
  4384 | D:4      | Reached XP level 8. HP: 50/52 MP: 10/15
  4493 | D:5      | Entered Level 5 of the Dungeon
  4516 | D:5      | Reached skill level 7 in Invocations
  5024 | D:5      | Found a staircase to the Ecumenical Temple.
  5032 | D:5      | Found a blossoming altar of Fedhas.
  5124 | D:5      | Reached skill level 8 in Invocations
  5759 | D:6      | Found a runed translucent door.
  5759 | D:6      | Noticed Crazy Yiuf
  5767 | D:6      | Killed Crazy Yiuf
  5793 | D:6      | Reached skill level 9 in Invocations
  5824 | D:6      | Reached skill level 1 in Fighting
  6170 | D:6      | Reached XP level 9. HP: 65/65 MP: 6/16
  6522 | D:6      | Reached skill level 5 in Fighting
  6767 | D:6      | Found a runed translucent door.
  6770 | D:6      | Noticed kuniqs's ghost (novice OgGl)
  6786 | D:6      | Killed kuniqs's ghost
  7082 | D:7      | Learned a level 2 spell: Blink
  7114 | D:7      | Noticed a hippogriff
  7118 | D:7      | Found a shimmering altar of Xom.
  7144 | D:7      | Killed a hippogriff
  7144 | D:7      | Reached skill level 1 in Armour
  7251 | D:7      | Reached *** piety under Sif Muna
  7332 | D:7      | Reached XP level 10. HP: 51/80 MP: 2/17
  8023 | D:7      | Reached skill level 5 in Armour
  8590 | D:8      | Found a staircase to the Lair.
  8592 | D:8      | Noticed an elephant
  8634 | D:8      | HP: 3/80 [elephant (7)]
  8636 | D:8      | HP: 1/80 [elephant (2)]
  8637 | D:8      | Slain by an elephant

Levels and vault maps discovered:
D:1:      giann_horns, layout_basic, hangedman_decor_push
D:2:      layout_loops_ring, lemuel_round_altar, lemuel_crystal_altar,
          st_stairs_4, kennysheep_generic_room_5
D:3:      layout_loops_ring, marbit_many_paths, overflow_temple_1_default,
          first_ration, uniq_jessica
D:4:      minmay_chambers_of_twos, layout_loops_ring,
          nicolae_overflow_crystal_walls, lemuel_round_altar,
          kennysheep_decorative_pillar, uniq_edmund
D:5:      layout_basic, minmay_temple_entry_tees, fedhas_altar_2
D:6:      layout_loops_ring, ebering_ghost_sewer_d, uniq_crazy_yiuf_cottage
D:7:      layout_loops_cross, lemuel_crystal_altar,
          chequers_serial_rivers_small_3
D:8:      layout_loops_ring, elyvilon_altar_5, david_lair_generic, serial_shops,
          kennysheep_mini

Skill      XL: |  1  2  3  4  5  6  7  8  9 10 |
---------------+-------------------------------+-----
Spellcasting   | 3 4 5 |  5.0
Invocations    | 1 4 6 9 |  9.0
Fighting       | 4 8 |  8.0
Armour         | 2 5 |  5.0
Dodging        | 4 |  4.0
Stealth        | |  2.0
Conjurations   | |  4.1

Action                   |  1- 3 |  4- 6 |  7- 9 | 10-12 || total
-------------------------+-------+-------+-------+-------++-------
Melee: Dagger            |     9 |    37 |    19 |       ||    65
       Short sword       |    30 |     7 |       |       ||    37
       Quarterstaff      |       |       |    29 |       ||    29
       Flail             |       |       |    29 |    19 ||    48
 Cast: Magic Dart        |    38 |    29 |    53 |     3 ||   123
       Searing Ray       |     2 |    13 |    39 |    22 ||    76
       Blink             |       |       |       |     2 ||     2
Invok: Channel Magic     |       |     1 |       |     1 ||     2
  Use: Scroll            |     3 |       |     1 |     1 ||     5
       Potion            |       |       |       |     5 ||     5
 Stab: Sleeping          |     3 |     6 |     3 |       ||    12
       Paralysed         |       |       |     1 |       ||     1
  Eat: Chunk             |     3 |     6 |    12 |     1 ||    22
       Ration            |       |       |       |     1 ||     1
Armor: Robe              |     3 |    18 |    46 |    22 ||    89
Dodge: Dodged            |    42 |    31 |    75 |    44 ||   192
Block: Buckler           |     6 |    12 |    26 |     7 ||    51

Table legend:
 A = Non-vault XP
 B = Vault XP
 C = Vault XP percentage of total XP
 D = Non-vault monster count
 E = Vault monster count
 F = Vault count percentage of total count
                 A         B        C        D         E       F
            +---------+---------+-------+---------+---------+-------
      Total |    3393 |    1643 |  32.6 |     152 |      19 |  11.1
            +---------+---------+-------+---------+---------+-------
        D:1 |      30 |       0 |   0.0 |      20 |       0 |   0.0
        D:2 |      81 |      19 |  19.0 |      13 |       4 |  23.5
        D:3 |     127 |      39 |  23.5 |      30 |       2 |   6.2
        D:4 |     184 |     536 |  74.4 |      15 |       8 |  34.8
        D:5 |     553 |       0 |   0.0 |      18 |       0 |   0.0
        D:6 |     762 |     942 |  55.3 |      21 |       4 |  16.0
        D:7 |    1549 |       0 |   0.0 |      30 |       0 |   0.0
        D:8 |     107 |     107 |  50.0 |       5 |       1 |  16.7
            +---------+---------+-------+---------+---------+-------
